TOP OF THE 1ST |
Charleston Battery batting - Pitching for Ft. Worth Cattlemen : RHP Armando Romano
|
Pitching: RHP Armando Romano
|
|
Batting: LHB Joey Coco
|
0-0: Ball 1-0: Called Strike 1-1: Swinging Strike 1-2: Strikes out looking
|
Batting: LHB Datu Lesaca
|
0-0: Foul Ball, location: 2F 0-1: Swinging Strike 0-2: Ground out 4-3 (Groundball, 4)
|
Batting: SHB Jasper Morrison
|
0-0: Ball 1-0: Swinging Strike 1-1: Foul Ball, location: 2F 1-2: Strikes out swinging
|
Top of the 1st over - 0 runs, 0 hits, 0 errors, 0 left on base; Charleston 0 - Ft. Worth 0 |
BOTTOM OF THE 1ST |
Ft. Worth Cattlemen batting - Pitching for Charleston Battery : RHP Scott Morrison
|
Pitching: RHP Scott Morrison
|
|
Batting: LHB Jesús Morales
|
0-0: Fly out, F8 (Flyball, 8RD)
|
Batting: SHB Roberto Mosca
|
0-0: Ball 1-0: Swinging Strike 1-1: Foul Ball, location: 2F 1-2: SINGLE (Groundball, 34D)
|
Batting: RHB Bart Lewis
|
0-0: Ball 1-0: Ball 2-0: Called Strike 2-1: Foul Ball, location: 2F 2-2: Foul Ball, location: 2F 2-2: SINGLE (Groundball, 34D) Roberto Mosca to second Runner from 2nd tries for 3rd, SAFE, no throw
|
Batting: LHB Rick Mayfield
|
0-0: Ball Bart Lewis is caught stealing 2nd base 1-0: 2-RUN HOME RUN (Flyball, 89XD), Distance : 407 ft
|
Batting: RHB Juan Cabrera
|
0-0: Ball 1-0: Ball 2-0: Ball 3-0: Base on Balls
|
Batting: RHB António Pérez
|
0-0: Ground out U3 (Groundball, 34)
|
Bottom of the 1st over - 2 runs, 3 hits, 0 errors, 1 left on base; Charleston 0 - Ft. Worth 2 |
TOP OF THE 2ND |
Charleston Battery batting - Pitching for Ft. Worth Cattlemen : RHP Armando Romano
|
Batting: LHB Spencer Powell
|
0-0: Swinging Strike 0-1: Ball 1-1: Swinging Strike 1-2: Ball 2-2: Strikes out swinging
|
Batting: RHB Paco Muńóz
|
0-0: Called Strike 0-1: Ball 1-1: Swinging Strike 1-2: Ball 2-2: Foul Ball, location: 2F 2-2: Strikes out looking
|
Batting: LHB Vicente Gonzáles
|
0-0: Called Strike 0-1: Ball 1-1: Called Strike 1-2: Ball 2-2: Foul Ball, location: 2F 2-2: Strikes out swinging
|
Top of the 2nd over - 0 runs, 0 hits, 0 errors, 0 left on base; Charleston 0 - Ft. Worth 2 |
BOTTOM OF THE 2ND |
Ft. Worth Cattlemen batting - Pitching for Charleston Battery : RHP Scott Morrison
|
Batting: LHB Fernando Ramírez
|
0-0: Fly out, F7 (Flyball, 7D)
|
Batting: RHB Keiran Calleson
|
0-0: Ball 1-0: Foul Ball, location: 2F 1-1: Fly out, F8 (Line Drive, 8LM)
|
Batting: SHB Mitch Qualtrough
|
0-0: Foul Ball, location: 2F 0-1: Called Strike 0-2: Ground out 6-3 (Groundball, 6)
|
Bottom of the 2nd over - 0 runs, 0 hits, 0 errors, 0 left on base; Charleston 0 - Ft. Worth 2 |
TOP OF THE 3RD |
Charleston Battery batting - Pitching for Ft. Worth Cattlemen : RHP Armando Romano
|
Batting: RHB Luis Ríos
|
0-0: Ball 1-0: Ball 2-0: Ground out 6-3 (Groundball, 6)
|
Batting: RHB Fernando Rivera
|
0-0: Ball 1-0: Ground out 6-3 (Groundball, 6M)
|
Batting: RHB Jesús Ruano
|
0-0: Ground out 4-3 (Groundball, 4)
|
Top of the 3rd over - 0 runs, 0 hits, 0 errors, 0 left on base; Charleston 0 - Ft. Worth 2 |
BOTTOM OF THE 3RD |
Ft. Worth Cattlemen batting - Pitching for Charleston Battery : RHP Scott Morrison
|
Batting: LHB Jesús Morales
|
0-0: Ball 1-0: Ball 2-0: Fly out, F7 (Flyball, 78S)
|
Batting: SHB Roberto Mosca
|
0-0: Ball 1-0: Ball 2-0: Foul Ball, location: 2F 2-1: Foul Ball, location: 2F 2-2: Ball 3-2: SINGLE (Line Drive, 7)
|
Pitching: LHP Paco Salazar
|
|
Batting: RHB Bart Lewis
|
0-0: Called Strike 0-1: Ball 1-1: Ball 2-1: Foul Ball, location: 2F 2-2: Foul Ball, location: 2F 2-2: Ball 3-2: Base on Balls Roberto Mosca to second
|
Batting: LHB Rick Mayfield
|
0-0: Ball 1-0: Ball 2-0: Swinging Strike 2-1: Foul Ball, location: 2F 2-2: Ball 3-2: Fielders Choice at 2nd, 1-6 (Groundball, 13S) Roberto Mosca to third
|
Batting: RHB Juan Cabrera
|
0-0: Ball 1-0: Swinging Strike 1-1: Ball 2-1: Fly out, F8 (Flyball, 8RS)
|
Bottom of the 3rd over - 0 runs, 1 hit, 0 errors, 2 left on base; Charleston 0 - Ft. Worth 2 |
TOP OF THE 4TH |
Charleston Battery batting - Pitching for Ft. Worth Cattlemen : RHP Armando Romano
|
Batting: LHB Joey Coco
|
0-0: Called Strike 0-1: Ball 1-1: SINGLE (Groundball, 15S) (infield hit)
|
Batting: LHB Datu Lesaca
|
0-0: SINGLE (Groundball, 15) (infield hit) Joey Coco to second
|
Batting: SHB Jasper Morrison
|
0-0: Ball 1-0: Called Strike 1-1: Ball 2-1: Foul Ball, location: 2F 2-2: Strikes out swinging
|
Batting: LHB Spencer Powell
|
0-0: Fly out, F4 (Popup, 34D)
|
Batting: RHB Paco Muńóz
|
0-0: Foul Ball, location: 2F 0-1: Foul Ball, location: 2F 0-2: Ball 1-2: Ball 2-2: Foul Ball, location: 2F 2-2: Ball 3-2: Foul Ball, location: 2F 3-2: Foul Ball, location: 2F 3-2: Foul Ball, location: 2F 3-2: 3-RUN HOME RUN (Flyball, 7D), Distance : 369 ft
|
Batting: LHB Vicente Gonzáles
|
0-0: Called Strike 0-1: Ball 1-1: Ball 2-1: Swinging Strike 2-2: Ball 3-2: Base on Balls
|
Batting: RHB Luis Ríos
|
0-0: Foul Ball, location: 2F 0-1: Ball 1-1: Ball 2-1: Swinging Strike 2-2: Ball 3-2: Ground out 4-3 (Groundball, 4)
|
Top of the 4th over - 3 runs, 3 hits, 0 errors, 1 left on base; Charleston 3 - Ft. Worth 2 |
BOTTOM OF THE 4TH |
Ft. Worth Cattlemen batting - Pitching for Charleston Battery : LHP Paco Salazar
|
Batting: RHB António Pérez
|
0-0: Ball 1-0: Called Strike 1-1: Foul Ball, location: 2F 1-2: SOLO HOME RUN (Line Drive, 7LD), Distance : 350 ft
|
Batting: LHB Fernando Ramírez
|
0-0: Swinging Strike 0-1: Ball 1-1: Ball 2-1: Swinging Strike 2-2: Strikes out looking
|
Batting: RHB Keiran Calleson
|
0-0: Called Strike 0-1: Fly out, F8 (Line Drive, 8LXD)
|
Batting: SHB Mitch Qualtrough
|
0-0: Called Strike 0-1: Ball 1-1: Fly out, F7 (Line Drive, 7)
|
Bottom of the 4th over - 1 run, 1 hit, 0 errors, 0 left on base; Charleston 3 - Ft. Worth 3 |
TOP OF THE 5TH |
Charleston Battery batting - Pitching for Ft. Worth Cattlemen : RHP Armando Romano
|
Batting: RHB Fernando Rivera
|
0-0: Fly out, F5 (Popup, 5SF)
|
Batting: RHB Jesús Ruano
|
0-0: SINGLE (Flyball, 9LS)
|
Batting: LHB Joey Coco
|
0-0: Ball 1-0: Foul Ball, location: 2F 1-1: Fielders Choice at 2nd, 4-6 (Groundball, 4)
|
Batting: LHB Datu Lesaca
|
0-0: Foul Ball, location: 2F 0-1: Called Strike 0-2: Ball Joey Coco is caught stealing 2nd base
|
Top of the 5th over - 0 runs, 1 hit, 0 errors, 0 left on base; Charleston 3 - Ft. Worth 3 |
BOTTOM OF THE 5TH |
Ft. Worth Cattlemen batting - Pitching for Charleston Battery : LHP Paco Salazar
|
Batting: LHB Jesús Morales
|
0-0: Foul Ball, location: 2F 0-1: Ball 1-1: Foul Ball, location: 2F 1-2: Fly out, F8 (Line Drive, 8RD)
|
Batting: SHB Roberto Mosca
|
0-0: Ball 1-0: Called Strike 1-1: Called Strike 1-2: Strikes out swinging
|
Batting: RHB Bart Lewis
|
0-0: Ball 1-0: Ball 2-0: Foul Ball, location: 2F 2-1: SINGLE (Line Drive, 78S)
|
Batting: LHB Rick Mayfield
|
0-0: Swinging Strike 0-1: Ball 1-1: Swinging Strike 1-2: Ball 2-2: Ball 3-2: Foul Ball, location: 2F 3-2: Foul Ball, location: 2F 3-2: Fly out, F4 (Popup, 4M)
|
Bottom of the 5th over - 0 runs, 1 hit, 0 errors, 1 left on base; Charleston 3 - Ft. Worth 3 |
TOP OF THE 6TH |
Charleston Battery batting - Pitching for Ft. Worth Cattlemen : RHP Armando Romano
|
Batting: LHB Datu Lesaca
|
0-0: Ball 1-0: Called Strike 1-1: Swinging Strike 1-2: Ball 2-2: DOUBLE (Flyball, 8RD)
|
Batting: SHB Jasper Morrison
|
0-0: Foul Ball, location: 2F 0-1: Ball 1-1: Ball 2-1: Ground out U3 (Groundball, 3L) Datu Lesaca to third
|
Batting: LHB Spencer Powell
|
0-0: Ball 1-0: Ball 2-0: Called Strike 2-1: Ball 3-1: Fly out, F7 (Flyball, 7D) Runner from 3rd tags up, SCORES, throw made
|
Batting: RHB Paco Muńóz
|
0-0: Ball 1-0: Ball 2-0: Called Strike 2-1: Foul Ball, location: 2F 2-2: Strikes out swinging
|
Top of the 6th over - 1 run, 1 hit, 0 errors, 0 left on base; Charleston 4 - Ft. Worth 3 |
BOTTOM OF THE 6TH |
Ft. Worth Cattlemen batting - Pitching for Charleston Battery : LHP Paco Salazar
|
Batting: RHB Juan Cabrera
|
0-0: Ball 1-0: Ball 2-0: Called Strike 2-1: Ball 3-1: Ground out 5-3 (Groundball, 56)
|
Batting: RHB António Pérez
|
0-0: Called Strike 0-1: Ball 1-1: Ball 2-1: Foul Ball, location: 2F 2-2: Ball 3-2: Base on Balls
|
Pitching: RHP John Bailey
|
|
Batting: LHB Fernando Ramírez
|
0-0: Ball 1-0: SINGLE (Groundball, 34D) António Pérez to second Runner from 2nd tries for 3rd, SAFE, throw made to third
|
Batting: RHB Keiran Calleson
|
0-0: Ball 1-0: Foul Ball, location: 2F 1-1: Ball 2-1: Ball 3-1: Foul Ball, location: 2F 3-2: Fly out, F8 (Flyball, 8RD) Runner from 3rd tags up, SCORES, throw made
|
Batting: SHB Mitch Qualtrough
|
0-0: Called Strike 0-1: Foul Ball, location: 2F 0-2: Ball 1-2: Ball 2-2: SINGLE (Line Drive, 4M) Fernando Ramírez to second
|
Batting: LHB Jesús Morales
|
0-0: Swinging Strike 0-1: Ball 1-1: Ground out U3 (Groundball, 3)
|
Bottom of the 6th over - 1 run, 2 hits, 0 errors, 2 left on base; Charleston 4 - Ft. Worth 4 |
TOP OF THE 7TH |
Charleston Battery batting - Pitching for Ft. Worth Cattlemen : RHP Armando Romano
|
Batting: LHB Vicente Gonzáles
|
0-0: Ball 1-0: Ball 2-0: Foul Ball, location: 2F 2-1: SINGLE (Line Drive, 4D)
|
Batting: RHB Luis Ríos
|
0-0: Ball 1-0: Sac Bunt - play at first, batter OUT! 1-4 Vicente Gonzáles to second
|
Batting: RHB Fernando Rivera
|
0-0: Foul Ball, location: 2F 0-1: Ball 1-1: Ball 2-1: 2-RUN HOME RUN (Flyball, 7LD), Distance : 361 ft
|
Pitching: LHP Ricardo Ruíz
|
|
Batting: RHB Jesús Ruano
|
0-0: Called Strike 0-1: Ball 1-1: SINGLE (Groundball, 56S) (infield hit)
|
Batting: LHB Joey Coco
|
0-0: Called Strike Jesús Ruano steals 2nd base 0-1: SINGLE (Groundball, 34D) Jesús Ruano to third Runner from 3rd tries for Home, SAFE, throw made home
|
Batting: LHB Datu Lesaca
|
0-0: Ball 1-0: Called Strike 1-1: Ball 2-1: Ball 3-1: Called Strike 3-2: Foul Ball, location: 2F 3-2: Foul Ball, location: 2F 3-2: Grounds into double play, 4-6-3 (Groundball, 34)
|
Top of the 7th over - 3 runs, 4 hits, 0 errors, 0 left on base; Charleston 7 - Ft. Worth 4 |
BOTTOM OF THE 7TH |
Ft. Worth Cattlemen batting - Pitching for Charleston Battery : RHP John Bailey
|
Batting: SHB Roberto Mosca
|
0-0: Ball 1-0: Ball 2-0: Ball 3-0: Base on Balls
|
Batting: RHB Bart Lewis
|
0-0: Called Strike 0-1: Ball 1-1: Ball 2-1: SINGLE (Flyball, 3D) Roberto Mosca to second Runner from 2nd tries for 3rd, SAFE, no throw
|
Batting: LHB Rick Mayfield
|
0-0: Ball 1-0: Called Strike 1-1: Called Strike 1-2: Foul Ball, location: 2F 1-2: Ball 2-2: Foul Ball, location: 2F 2-2: Ball 3-2: DOUBLE (Line Drive, 89D) Roberto Mosca scores Bart Lewis to third
|
Pinch Runner at 2nd Juan Montés:
|
|
Batting: RHB Juan Cabrera
|
0-0: Ground out 5-3 (Groundball, 56S)
|
Batting: RHB António Pérez
|
0-0: Fly out, F7 (Flyball, 7) Runner from 3rd tags up, OUT at HOME
|
Bottom of the 7th over - 1 run, 2 hits, 0 errors, 1 left on base; Charleston 7 - Ft. Worth 5 |
TOP OF THE 8TH |
Charleston Battery batting - Pitching for Ft. Worth Cattlemen : LHP Ricardo Ruíz
|
Now at 1B: Juan Aguirre
|
|
Now in RF: Juan Montés
|
|
Batting: SHB Jasper Morrison
|
0-0: Called Strike 0-1: Ball 1-1: Ball 2-1: Swinging Strike 2-2: Ground out 5-3 (Groundball, 5S)
|
Batting: LHB Spencer Powell
|
0-0: Foul Ball, location: 2F 0-1: Ball 1-1: Foul Ball, location: 2F 1-2: Foul Ball, location: 2F 1-2: Strikes out swinging
|
Batting: RHB Paco Muńóz
|
0-0: Foul Ball, location: 2F 0-1: Ball 1-1: Ball 2-1: Foul Ball, location: 2F 2-2: Ball 3-2: Foul Ball, location: 2F 3-2: DOUBLE (Line Drive, 7LD)
|
Batting: LHB Vicente Gonzáles
|
0-0: Ball 1-0: Called Strike 1-1: Ground out 5-3 (Groundball, 5)
|
Top of the 8th over - 0 runs, 1 hit, 0 errors, 1 left on base; Charleston 7 - Ft. Worth 5 |
BOTTOM OF THE 8TH |
Ft. Worth Cattlemen batting - Pitching for Charleston Battery : RHP John Bailey
|
Pitching: RHP Jon King
|
|
Batting: LHB Fernando Ramírez
|
0-0: Swinging Strike 0-1: Ground out 3-1 (Groundball, 34)
|
Batting: RHB Keiran Calleson
|
0-0: Called Strike 0-1: Called Strike 0-2: Ball 1-2: Foul Ball, location: 2F 1-2: Ball 2-2: Strikes out swinging
|
Batting: SHB Mitch Qualtrough
|
0-0: Called Strike 0-1: Swinging Strike 0-2: Ball 1-2: Ball 2-2: Ball 3-2: Base on Balls
|
Batting: LHB Jesús Morales
|
0-0: Foul Ball, location: 2F 0-1: Fly out, F9 (Flyball, 89S)
|
Bottom of the 8th over - 0 runs, 0 hits, 0 errors, 1 left on base; Charleston 7 - Ft. Worth 5 |
TOP OF THE 9TH |
Charleston Battery batting - Pitching for Ft. Worth Cattlemen : LHP Ricardo Ruíz
|
Batting: RHB Luis Ríos
|
0-0: Called Strike 0-1: Swinging Strike 0-2: Ball 1-2: Foul Ball, location: 2F 1-2: Ball 2-2: Strikes out looking
|
Batting: RHB Fernando Rivera
|
0-0: Ball 1-0: Called Strike 1-1: Called Strike 1-2: Foul Ball, location: 2F 1-2: Foul Ball, location: 2F 1-2: Ball 2-2: Foul Ball, location: 2F 2-2: Ball 3-2: Base on Balls
|
Batting: RHB Jesús Ruano
|
Pickoff Throw to First - Out! 0-0: Ball 1-0: Foul Ball, location: 2F 1-1: Called Strike 1-2: Foul Ball, location: 2F 1-2: Ball 2-2: Foul Ball, location: 2F 2-2: Fly out, F9 (Flyball, 9S)
|
Top of the 9th over - 0 runs, 0 hits, 0 errors, 0 left on base; Charleston 7 - Ft. Worth 5 |
BOTTOM OF THE 9TH |
Ft. Worth Cattlemen batting - Pitching for Charleston Battery : RHP Jon King
|
Now in RF: Mike Case
|
|
Batting: SHB Roberto Mosca
|
0-0: Swinging Strike 0-1: Foul Ball, location: 2F 0-2: Ball 1-2: Foul Ball, location: 2F 1-2: SINGLE (Groundball, 34D)
|
Pinch Hitting: SHB Robby Day
|
0-0: Fly out, F3 (Popup, 3F)
|
Batting: LHB Juan Montés
|
0-0: Foul Ball, location: 2F 0-1: Swinging Strike 0-2: Ball 1-2: Strikes out swinging
|
Pitching: RHP Marcos Oquendo
|
|
Batting: RHB Juan Cabrera
|
0-0: Ball 1-0: Called Strike 1-1: Ground out 5-3 (Groundball, 56S)
|
Bottom of the 9th over - 0 runs, 1 hit, 0 errors, 1 left on base; Charleston 7 - Ft. Worth 5 |
|